 Dungeon Crawl Stone Soup version 0.25.1-2-g60ff931df9 (webtiles) character file.

Game seed: 8098039510140261820

89 DearestLeader the Chopper (level 4, -1/33 HPs)
             Began as a Demonspawn Gladiator on Oct 25, 2020.
             Slain by an orc (4 damage)
             ... on level 3 of the Dungeon.
             The game lasted 00:04:39 (2268 turns).

DearestLeader the Chopper (Demonspawn Gladiator)    Turns: 2268, Time: 00:04:39

Health: -1/33      AC:  6    Str: 15    XL:     4   Next: 31%
Magic:  4/4        EV: 12    Int:  9    God:
Gold:   132        SH:  4    Dex: 15    Spells: 3/3 levels left

rFire    . . .     SeeInvis .   a - +0 war axe
rCold    . . .     Gourm    .   (no shield)
rNeg     . . .     Faith    .   i - +0 ring mail
rPois    .         Spirit   .   (helmet restricted)
rElec    .         Reflect  .   n - +0 cloak
rCorr    .         Harm     .   (no gloves)
MR       .....                  (no boots)
Stlth    ++........             (no amulet)
HPRegen  0.11/turn              (no ring)
MPRegen  0.09/turn              (no ring)

@: flying
A: horns 1, large bone plates 1, nightstalker 1
a: no special abilities


You were on level 3 of the Dungeon.
You were not hungry.

You visited 1 branch of the dungeon, and saw 3 of its levels.

You collected 132 gold pieces.

Inventory:

Hand Weapons
 a - a +0 war axe (weapon)
Missiles
 d - 3 throwing nets
 v - 17 poisoned darts (quivered)
Armour
 b - a +0 leather armour
 c - a +0 helmet
 i - a +0 ring mail (worn)
 l - a +2 kite shield
 n - a +0 cloak (worn)
Wands
 u - a wand of enslavement (1)
Scrolls
 g - 4 scrolls of remove curse
 m - a scroll of enchant armour
 p - a scroll of teleportation {unknown}
 q - a scroll of immolation {unknown}
 w - a scroll of blinking {unknown}
Potions
 e - 3 potions of invisibility
 h - 2 potions of cancellation
 j - a potion of haste
 o - a potion of magic
 r - a potion of ambrosia {unknown}
 s - a potion of stabbing {unknown}
Comestibles
 f - 10 rations


   Skills:
 - Level 2.0 Fighting
 * Level 4.1 Axes
 - Level 1.7 Throwing
 + Level 1.5 Armour
 - Level 3.0 Dodging


You had 3 spell levels left.
You didn't know any spells.
Your spell library contained the following spells:

 Spells                   Type           Power        Failure   Level  Hunger
 Confusing Touch          Hex            #.......     93%         3    ####...
 Gell's Gravitas          Tloc           #.........   93%         3    ####...
 Petrify                  Tmut/Erth      #.......     100%        4    #####..
 Metabolic Englaciation   Hex/Ice        #.........   100%        5    ######.
 Yara's Violent Unravell  Hex/Tmut       #.........   100%        5    ######.


Dungeon Overview and Level Annotations

Branches:
Dungeon (3/15)

Altars:
Elyvilon


Innate Abilities, Weirdness & Mutations

You have a pair of small horns on your head.
You are partially covered in large bone plates. (SH +4)
You are slightly more attuned to the shadows.


Message History

The orc hits you.
The orc priest hits you with a +0 hand axe.
The orc wizard mumbles some strange words.
The orc wizard blinks!
The orc wizard gestures wildly while chanting.
The orc wizard blinks!
The orc priest casts a cantrip, but nothing happens.
The orc wizard completely misses you.
You see here a scroll of identify.
The orc wizard casts a spell.
The orc wizard blinks!
The orc priest calls down the wrath of Beogh upon you.
Beogh smites you!
* * * LOW HITPOINT WARNING * * *
All of the chunks of flesh in your inventory have rotted away.
It was a potion of cancellation.
You feel magically purged.
It was a potion of flight.
You feel very buoyant.
You fly up into the air.
The orc hits you.
You die...

######## #......##
## ###...## .
#≈≈...≈≈ .#
#..#≈..♣..≈
#.####..........
####....##....♣._÷♣.
#.o@.......#........
#o##....##.##≈..♣..≈
#.# #.#.##.##≈≈...≈≈
#.# #.#.##.####...##
#o# #.#.#...####.#.#
#.# #.#..###.###...#
#o###.#..# #........
#.##.....# #.#####.#
#.#.....#...## #.#


You could see an orc priest and an orc.

Vanquished Creatures
  3 adders
  3 worms
  A dart slug (D:2)
  3 leopard geckos
  3 orcs (D:3)
  7 giant cockroaches
  3 goblins
  7 hobgoblins
  A quokka (D:2)
  4 frilled lizards
  6 kobolds
  4 rats
45 creatures vanquished.

Vanquished Creatures (others)
  A quokka (D:3)
1 creature vanquished.

Grand Total: 46 creatures vanquished

Notes
Turn   | Place    | Note
-------+----------+-------------------------------------------
     0 | D:1      | DearestLeader the Demonspawn Gladiator began the quest for
                  | the Orb.
     0 | D:1      | Reached XP level 1. HP: 16/16 MP: 1/1
   443 | D:1      | Reached skill level 3 in Axes
   591 | D:1      | Gained mutation: You are partially covered in large bone
                  | plates. (SH +4) [demonic ancestry]
   591 | D:1      | Reached XP level 2. HP: 22/22 MP: 2/2
  1157 | D:2      | Gained mutation: You are slightly more attuned to the
                  | shadows. [demonic ancestry]
  1157 | D:2      | Reached XP level 3. HP: 23/27 MP: 3/3
  1487 | D:2      | Reached skill level 1 in Armour
  1679 | D:3      | Found a faded altar of an unknown god.
  1823 | D:3      | Gained mutation: You have a pair of small horns on your
                  | head. [demonic ancestry]
  1823 | D:3      | Reached XP level 4. HP: 14/33 MP: 4/4
  2001 | D:3      | Reached skill level 4 in Axes
  2123 | D:3      | Found a white marble altar of Elyvilon.
  2268 | D:3      | Slain by an orc

Illustrated notes

Levels and vault maps discovered:
D:1:      minmay_arrival_nine_rooms, layout_basic
D:2:      layout_rooms
D:3:      layout_loops_ring, elyvilon_altar_4, first_ration,
          chequers_ecumenical_altar_island, minmay_ogre_servants

Skill      XL: |  1  2  3  4 |
---------------+-------------+-----
Axes           | 3 4 |  4.1
Dodging        | 3 |  3.0
Armour         | 1 |  1.5
Fighting       | |  2.0
Throwing       | |  1.7

Action                   |  1- 3 |  4- 6 || total
-------------------------+-------+-------++-------
Melee: War axe           |   120 |    22 ||   142
       Headbutt          |       |     3 ||     3
  Use: Scroll            |     5 |       ||     5
       Potion            |       |     2 ||     2
 Stab: Sleeping          |     3 |     1 ||     4
  Eat: Chunk             |     3 |     1 ||     4
Armor: Leather armour    |     6 |       ||     6
       Ring mail         |    19 |     5 ||    24
Dodge: Dodged            |    72 |    14 ||    86
Block: Other             |    17 |     3 ||    20
